 Dungeon Crawl Stone Soup version 0.22-a0-142-g91cc6d7 (webtiles) character file.

679 Azzok the Skirmisher (level 7, -1/48 HPs)
             Began as a Deep Elf Fighter on Feb 5, 2018.
             Slain by a centaur (6 damage)
             ... on level 5 of the Dungeon.
             The game lasted 00:09:01 (6037 turns).

Azzok the Skirmisher (Deep Elf Fighter)             Turns: 6037, Time: 00:09:02

Health: -1/48      AC:  6    Str: 13    XL:     7   Next: 34%
Magic:  9/9        EV:  8    Int: 15    God:
Gold:   192        SH:  8    Dex: 14    Spells: 6/6 levels left

rFire    + . .     SeeInvis .   b - +4 dagger (venom)
rCold    . . .     Gourm    .   c - +0 shield
rNeg     . . .     Faith    .   s - +3 leather armour {rF+}
rPois    .         Spirit   .   (no helmet)
rElec    .         Reflect  .   (no cloak)
rCorr    .         Harm     .   (no gloves)
MR       +....                  (no boots)
Stlth    +.........             (no amulet)
HPRegen  0.16/turn              l - ring of protection from magic
MPRegen  0.11/turn              (no ring)

@: no status effects
A: no striking features
a: no special abilities


You were on level 5 of the Dungeon.
You were not hungry.

You visited 2 branches of the dungeon, and saw 6 of its levels.

You collected 234 gold pieces.
You spent 42 gold pieces at shops.

Inventory:

Hand Weapons
 b - a +4 dagger of venom (weapon)
Missiles
 h - 82 arrows
Armour
 c - a +0 shield (worn)
 s - a +3 leather armour of fire resistance (worn)
 w - a +0 chain mail
Jewellery
 l - a ring of protection from magic (left hand)
Scrolls
 e - 5 scrolls of identify {unknown}
 k - a scroll of teleportation {unknown}
 m - 4 scrolls of remove curse {unknown}
 o - a scroll of blinking {unknown}
 p - a scroll of enchant armour {unknown}
 u - a scroll of amnesia {unknown}
 v - a scroll of random uselessness {unknown}
Potions
 d - a potion of might
 i - 3 potions of flight {unknown}
 j - 2 potions of curing
 n - a potion of berserk rage {unknown}
 q - 2 potions of haste {unknown}
 r - a potion of ambrosia {unknown}
 t - a potion of agility {unknown}
 x - a potion of heal wounds {unknown}
Comestibles
 a - 2 chunks of flesh
 f - 11 rations


   Skills:
 + Level 7.2 Fighting
 - Level 2.0 Short Blades
 - Level 2.4 Armour
 - Level 2.4 Shields


You had 6 spell levels left.
You didn't know any spells.

Dungeon Overview and Level Annotations

Branches:
Dungeon (5/15)             Temple (1/1) D:4

Altars:
Ashenzari
Cheibriados
Dithmenos
Elyvilon
Fedhas
Gozag
Hepliaklqana
Nemelex Xobeh
Sif Muna
Trog
Uskayaw
Wu Jian
Xom
Yredelemnul
The Shining One

Shops:
D:4 !


Message History

The centaur hits you!
* * * LOW HITPOINT WARNING * * *
You hit the centaur.
The centaur is heavily wounded.
You block the centaur's attack.
You barely miss the centaur.
The centaur is heavily wounded.
The centaur drinks a potion.
The centaur is healed!
The centaur looks more healthy.
The centaur hits you.
* * * LOW HITPOINT WARNING * * *
You hit the centaur.
The centaur is lightly wounded.
The centaur hits you.
* * * LOW HITPOINT WARNING * * *
You hit the centaur.
The centaur is poisoned.
The centaur is moderately wounded.
The centaur hits you.
* * * LOW HITPOINT WARNING * * *
The centaur hits you.
You die...

······> ········▒······
······· ▒▒▒▒▒▒▒········
······· ▒▒▒▒▒▒··▒▒·
······· ▒·······▒··
▒···▒▒▒▒ ▒▒·▒▒▒▒▒···▒
▒·(··▒▒▒▒··▒···▒··▒▒
▒·▒············▒▒·▒▒
▒·▒▒c···············
▒··@··········▒▒··▒·
····!···················
·····▒···············▒▒·
···················▒▒▒▒·
··········▒··▒▒▒▒··▒▒▒▒·
·· ·····················
· ···▒····▒▒▒▒▒▒▒▒·▒····
······▒▒·· ▒÷▒▒··· ▒▒ ▒
▒▒▒·▒▒···


You could see a centaur.

Vanquished Creatures
  Eustachio (D:4)
  Duvessa (D:5)
  An ice beast (D:5)
  Dowan (D:5)
  An orc wizard (D:2)
  2 worker ants
  A howler monkey zombie (D:5)
  9 adders
  4 oozes
  7 worms
  A dart slug (D:2)
  5 leopard geckos
  4 orcs
  3 ball pythons
  A bat zombie (D:5)
  4 giant cockroaches
  6 goblins
  4 hobgoblins
  8 jackals
  4 quokkas
  6 bats
  6 frilled lizards
  11 kobolds
  6 rats
97 creatures vanquished.

Notes
Turn   | Place    | Note
-------+----------+-------------------------------------------
     0 | D:1      | Azzok the Deep Elf Fighter began the quest for the Orb.
     0 | D:1      | Reached XP level 1. HP: 13/13 MP: 3/3
   483 | D:1      | Reached XP level 2. HP: 18/18 MP: 4/4
   665 | D:2      | Reached skill level 3 in Fighting
   919 | D:2      | Reached XP level 3. HP: 9/23 MP: 5/5
  1134 | D:2      | Found a deep blue altar of Sif Muna.
  2001 | D:2      | Reached skill level 4 in Fighting
  2001 | D:2      | Reached XP level 4. HP: 23/29 MP: 6/6
  2782 | D:3      | Reached XP level 5. HP: 32/34 MP: 7/7
  3092 | D:3      | Reached skill level 5 in Fighting
  3565 | D:3      | Found a glowing golden altar of the Shining One.
  3701 | D:4      | Noticed Eustachio
  3838 | D:4      | Found Fiwnoaro's Distillery.
  3849 | D:4      | Bought a potion of curing for 42 gold pieces
  4076 | D:4      | Killed Eustachio
  4076 | D:4      | Reached XP level 6. HP: 28/41 MP: 8/8
  4203 | D:4      | Reached skill level 6 in Fighting
  4383 | D:4      | Found a staircase to the Ecumenical Temple.
  4491 | D:4      | Found an opulent altar of Gozag.
  4740 | Temple   | Entered the Ecumenical Temple
  5299 | D:5      | Entered Level 5 of the Dungeon
  5322 | D:5      | Noticed an ice beast
  5342 | D:5      | HP: 2/41 [ice beast (8)]
  5346 | D:5      | Killed an ice beast
  5349 | D:5      | HP: 1/42 [poisoned by an adder]
  5672 | D:5      | Noticed Dowan
  5674 | D:5      | Noticed Duvessa
  5699 | D:5      | Killed Duvessa
  5699 | D:5      | Reached XP level 7. HP: 36/47 MP: 9/9
  5705 | D:5      | Killed Dowan
  5705 | D:5      | Reached skill level 7 in Fighting
  6037 | D:5      | Slain by a centaur

Vault maps used:
D:1:      eino_arrival_water_cross
D:2:      kb_forest_paths, led_sif_pool, first_ration
D:3:      tso_altar
D:4:      nicolae_gozag_seed_capital, minmay_temple_entry_mist, serial_shops,
          nicolae_shop_waterfront, supply_closet_lemuel, uniq_eustachio
D:5:      lemuel_zombie_altar_kikubaaqudgha, minmay_shop_grid_forest,
          uniq_duvessa, uniq_sigmund
Temple:   hc_temple_tempest_star

Skill      XL: |  1  2  3  4  5  6  7 |
---------------+----------------------+-----
Fighting       | 3 4 5 6 7 |  7.2
Short Blades   | |  2.0
Armour         | |  2.4
Shields        | |  2.4

Action                   |  1- 3 |  4- 6 |  7- 9 || total
-------------------------+-------+-------+-------++-------
Melee: Short sword       |   134 |   285 |     5 ||   424
       Rapier            |    22 |       |       ||    22
       Dagger            |       |       |    15 ||    15
Evoke: Wand              |       |     7 |       ||     7
  Use: Potion            |       |     1 |       ||     1
  Eat: Chunk             |     3 |     9 |     1 ||    13
       Ration            |       |     1 |       ||     1
Armor: Scale mail        |    40 |    65 |       ||   105
       Leather armour    |       |    23 |    12 ||    35
Dodge: Dodged            |    31 |    45 |     5 ||    81
Block: Shield            |    51 |    90 |     8 ||   149

Table legend:
 A = Spawn XP
 B = Non-spawn XP
 C = Spawn XP percentage of total XP
 D = Spawn monster count
 E = Non-spawn monster count
 F = Spawn count percentage of total count
 G = Total turns spent on level
                    A         B        C        D         E        F      G
               +---------+---------+-------+---------+---------+-------+---------
         Total |       0 |     970 |   0.0 |       0 |      97 |   0.0 |  6037
               +---------+---------+-------+---------+---------+-------+---------
           D:1 |       0 |      12 |   0.0 |       0 |       7 |   0.0 |   662
           D:2 |       0 |     155 |   0.0 |       0 |      37 |   0.0 |  1982
           D:3 |       0 |     115 |   0.0 |       0 |      32 |   0.0 |  1212
           D:4 |       0 |     240 |   0.0 |       0 |      11 |   0.0 |  1525
           D:5 |       0 |     448 |   0.0 |       0 |      10 |   0.0 |   455
               +---------+---------+-------+---------+---------+-------+---------
